AoeStats
← Starsky

Fortress

509882125Analyzed
4v4 RM · 3d ago on Sep 28, 2026· 73m 10s· 8 players
Game mode
Random Map
Map size
Huge
Population
200
Speed
Normal
Resources
Standard
Victory
Conquest
Starting age
Dark Age
Ending age
Imperial Age
RankedLock teamsTeams togetherTeam positionsShared explorationLock speedFull tech treeHidden civsTurbo modeCheats
Victory
Defeat
🇨🇳 Mongols · China
1760
+17
🇹🇼 Cumans · Taiwan
1706
+19
🇹🇼 Danes · Taiwan
1616
+22
🇺🇦 Burgundians · Ukraine
1578
+24
🇨🇳 Turks · China
1817
-22
🇦🇷 Slavs · Argentina
1775
-21
🇭🇰 Wu · Hong Kong SAR China
1745
-20
🇨🇳 Poles · China
1738
-19
清远华
6:38 Feudal Age
10:39 Castle Age
8:59 Double-Bit Axe
9:02 Horse Collar
11:46 Bow Saw
17:47 Gold Mining
21:20 Gold Shaft Mining
20:41 Stone Mining
21:30 Wheelbarrow
20:57 Fletching
21:09 Padded Archer Armor
21:53 Bodkin Arrow
21:58 Padded Archer Armor
22:45 Ballistics
25:47 Imperial Age
23:03 Loom
23:56 Leather Archer Armor
23:45 Husbandry
24:58 Stone Shaft Mining
24:39 Bloodlines
25:03 Hand Cart
24:53 Town Watch
25:33 Thumb Ring
26:26 Elite Mangudai
27:45 Conscription
27:46 Bracer
29:26 Chemistry
29:00 Parthian Tactics
29:26 Capped Ram
31:29 Siege Ram
35:21 Drill
35:15 Siege Engineers
35:44 Caravan
36:46 Light Cavalry
39:25 Scale Barding Armor
39:31 Forging
39:32 Masonry
39:18 Murder Holes
42:03 Coinage
43:26 Banking
52:50 Onager
56:01 Hoardings
55:49 Chain Barding Armor
56:05 Iron Casting
65:21 Town Patrol
68:06 Siege Onager
Karabas
1:58 Double-Bit Axe
3:24 Horse Collar
7:34 Feudal Age
11:28 Castle Age
10:19 Bow Saw
10:43 Heavy Plow
12:22 Gold Mining
13:14 Wheelbarrow
13:57 Gold Shaft Mining
13:43 Loom
13:46 Town Watch
15:31 Forging
16:04 Scale Barding Armor
16:30 Husbandry
17:03 Cavalier
19:39 Chain Barding Armor
20:21 Hand Cart
23:13 Iron Casting
31:13 Guilds
34:03 Imperial Age
32:21 Burgundian Vineyards
34:15 Paladin
35:32 Plate Barding Armor
38:58 Fortified Wall
40:16 Blast Furnace
39:18 Caravan
39:49 Coinage
39:41 Fletching
40:03 Masonry
42:35 Hoardings
41:56 Bodkin Arrow
42:34 Architecture
41:45 Treadmill Crane
42:40 Ballistics
44:17 Treadmill Crane
44:39 Bracer
45:25 Light Cavalry
47:25 Hussar
48:24 Elite Coustillier
53:28 Chemistry
55:51 Conscription
56:49 Murder Holes
63:22 Two-Man Saw
62:55 Crop Rotation
64:27 Banking
TW_Kenneth
8:10 Feudal Age
9:01 Double-Bit Axe
9:05 Horse Collar
12:04 Castle Age
10:36 Gold Mining
10:44 Arson
12:24 Scale Mail Armor
12:54 Bow Saw
13:00 Squires
16:22 Chain Mail Armor
16:48 Forging
18:27 Loom
22:21 Iron Casting
23:40 Hamask
27:02 Wheelbarrow
26:12 Town Watch
34:14 Hand Cart
37:41 Caravan
40:21 Imperial Age
40:47 Fletching
40:31 Cranequins
41:59 Bodkin Arrow
42:08 Padded Archer Armor
43:16 Bracer
44:12 Leather Archer Armor
45:00 Chemistry
46:06 Bloodlines
45:56 Husbandry
48:25 Ballistics
48:15 Thumb Ring
52:34 Heavy Mounted Crossbowman
58:00 Coinage
59:07 Ring Archer Armor
59:09 Plate Mail Armor
59:39 Blast Furnace
62:25 Conscription
61:31 Onager
63:31 Siege Engineers
62:49 Siege Onager
63:35 Elite Jomsviking
65:03 Northmen's Fury
66:39 Banking
72:57 Hoardings
73:31 Masonry
P0rr1dg3
7:51 Feudal Age
11:30 Castle Age
9:54 Horse Collar
10:00 Double-Bit Axe
12:58 Bow Saw
13:31 Heavy Plow
15:48 Capped Ram
17:58 Loom
22:03 Wheelbarrow
24:05 Gold Mining
24:05 Stone Mining
25:56 Hand Cart
25:36 Town Watch
26:31 Gold Shaft Mining
31:03 Imperial Age
28:57 Scale Barding Armor
29:02 Forging
30:17 Bloodlines
30:32 Chain Barding Armor
31:23 Iron Casting
31:31 Coinage
31:05 Elite Steppe Lancer
31:08 Cavalier
32:24 Plate Barding Armor
32:59 Crop Rotation
33:29 Two-Man Saw
33:00 Conscription
33:00 Paladin
35:42 Blast Furnace
38:13 Onager
41:10 Siege Onager
41:24 Light Cavalry
41:45 Light Cavalry
42:52 Hussar
48:41 Steppe Husbandry
49:17 Hoardings
51:33 Caravan
52:05 Banking
51:46 Guilds
52:36 Scale Mail Armor
59:13 Pikeman
59:53 Squires
60:09 Chain Mail Armor
70:34 Halberdier
71:45 Plate Mail Armor
冥想控
7:39 Feudal Age
8:26 Double-Bit Axe
11:11 Castle Age
9:25 Horse Collar
12:00 Heavy Plow
12:13 Bow Saw
14:34 Gold Mining
15:25 Wheelbarrow
16:57 Szlachta Privileges
18:06 Scale Barding Armor
21:04 Chain Barding Armor
21:12 Husbandry
21:22 Bloodlines
22:19 Hand Cart
24:13 Loom
24:47 Forging
27:11 Iron Casting
30:31 Imperial Age
30:47 Cavalier
32:28 Blast Furnace
31:50 Conscription
32:22 Crop Rotation
31:56 Fletching
33:17 Hoardings
35:05 Fortified Wall
34:59 Scale Mail Armor
34:48 Elite Obuch
41:15 Chemistry
40:39 Ballistics
40:17 Bodkin Arrow
40:18 Light Cavalry
41:31 Winged Hussar
42:33 Lechitic Legacy
42:27 Bracer
48:52 Caravan
49:14 Chain Mail Armor
50:29 Plate Mail Armor
53:28 Coinage
54:02 Siege Engineers
54:08 Masonry
59:30 Banking
qeozouwajqnl
7:29 Feudal Age
8:09 Double-Bit Axe
11:05 Castle Age
9:00 Horse Collar
12:01 Bow Saw
11:56 Heavy Plow
16:18 Wheelbarrow
18:49 Gold Mining
19:30 Hand Cart
18:37 Man-at-Arms
19:17 Squires
19:41 Scale Mail Armor
19:23 Long Swordsman
20:55 Chain Mail Armor
20:50 Forging
22:20 Gold Shaft Mining
22:22 Forging
26:03 Imperial Age
23:30 Stone Mining
24:34 Iron Casting
24:00 Pikeman
25:04 Loom
25:04 Town Watch
25:39 Detinets
26:24 Capped Ram
27:35 Plate Mail Armor
26:26 Two-Handed Swordsman
27:28 Conscription
29:07 Blast Furnace
28:49 Champion
29:33 Druzhina
31:29 Coinage
30:53 Fletching
30:39 Siege Ram
31:35 Bodkin Arrow
31:50 Halberdier
31:55 Heavy Scorpion
33:00 Ballistics
34:54 Banking
37:42 Chemistry
40:01 Two-Man Saw
39:31 Crop Rotation
40:45 Hoardings
40:21 Masonry
41:06 Scale Barding Armor
40:22 Elite Boyar
41:43 Murder Holes
41:54 Siege Engineers
42:40 Chain Barding Armor
42:20 Husbandry
42:31 Bloodlines
43:58 Plate Barding Armor
47:43 Caravan
50:35 Fortified Wall
54:50 Onager
56:51 Siege Onager
Starsky
8:58 Feudal Age
10:30 Double-Bit Axe
10:36 Horse Collar
11:00 Gold Mining
13:11 Castle Age
16:31 Imperial Age
13:56 Loom
28:57 Fortified Wall
29:41 Bow Saw
29:36 Fletching
30:13 Bodkin Arrow
31:09 Ballistics
31:10 Bracer
31:48 Padded Archer Armor
33:09 Leather Archer Armor
40:20 Wheelbarrow
44:57 Hand Cart
46:06 Town Watch
47:06 Scale Barding Armor
47:05 Husbandry
47:59 Forging
48:00 Bloodlines
49:21 Iron Casting
51:04 Blast Furnace
50:08 Caravan
51:03 Chain Barding Armor
54:27 Plate Barding Armor
54:30 Heavy Camel Rider
58:29 Thumb Ring
60:55 Ring Archer Armor
59:46 Heavy Cavalry Archer
60:52 Parthian Tactics
60:56 Guilds
68:42 Two-Man Saw
68:27 Heavy Plow
Nagasaki Anon
7:51 Feudal Age
9:00 Double-Bit Axe
9:41 Loom
12:23 Castle Age
10:22 Horse Collar
10:52 Gold Mining
13:14 Bow Saw
13:20 Fletching
16:48 Bodkin Arrow
28:54 Wheelbarrow
34:35 Imperial Age
33:30 Padded Archer Armor
34:04 Hand Cart
35:15 Leather Archer Armor
35:18 Bracer
36:20 Chemistry
35:42 Ballistics
36:29 Elite Fire Archer
37:46 Conscription
38:22 Guilds
38:39 Red Cliffs Tactics
38:42 Sitting Tiger
39:36 Red Cliffs Tactics
39:40 Scale Mail Armor
39:50 Forging
39:46 Scale Barding Armor
39:45 Pikeman
40:26 Squires
40:17 Treadmill Crane
40:47 Masonry
40:26 Halberdier
41:23 Chain Mail Armor
42:44 Arson
43:31 Plate Mail Armor
45:43 Heavy Plow
47:27 Man-at-Arms
48:35 Town Watch
50:24 Elite Skirmisher
51:41 Iron Casting
53:24 Blast Furnace
53:52 Architecture
55:00 Caravan
63:55 Stone Mining
66:46 Scale Barding Armor
68:16 Chain Barding Armor
67:19 Light Cavalry
68:10 Bloodlines
68:00 Husbandry
67:43 Long Swordsman
69:16 Hussar
71:22 Plate Barding Armor
70:57 Heavy Hei Guang Cavalry
Connection lost

Rejoining the realm…

Still unreachable

The connection could not be restored.

Session expired

The server has moved on; the page needs a fresh start.